 Dungeon Crawl Stone Soup version 0.31-a0-1118-gbca3d03946 (webtiles) character file.

Game seed: 3261470400503721937

2 senseless the Firebug (level 1, 0/14 HPs)
             Began as a Draconian Fire Elementalist on Dec 4, 2023.
             Slain by a gnoll
             ... wielding a +0 club
              (4 damage)
             ... on level 1 of the Dungeon.
             The game lasted 00:01:00 (129 turns).

senseless the Firebug (Draconian Fire Elementalist)  Turns: 129, Time: 00:01:01

Health: 0/14       AC:  4    Str: 10    XL:     1   Next: 33%
Magic:  1/3        EV: 12    Int: 15    God:
Gold:   2          SH:  0    Dex: 11    Spells: 3/4 levels left

rFire   . . .        (no weapon)
rCold   . . .        (no shield)
rNeg    . . .        (body armour unavailable)
rPois   .            (helmet restricted)
rElec   .            (no cloak)
rCorr   .            (no gloves)
SInv    .            (no boots)
Will    .....        (no amulet)
Stlth   ++           (no ring)
HPRegen 0.22/turn    (no ring)
MPRegen 0.08/turn

%: no passive effects
@: no status effects
A: AC +4, unfitting armour, cold-blooded
a: no special abilities


You were on level 1 of the Dungeon.
You visited 1 branch of the dungeon, and saw 1 of its levels.

You collected 2 gold pieces.

Inventory:

Scrolls
 b - a scroll of identify {unknown}
Potions
 a - a potion of magic


   Skills:
 + Level 1.8 Dodging
 - Level 1.7 Stealth
 + Level 2.0 Spellcasting
 + Level 1.1 Conjurations
 + Level 3.0 Fire Magic


You had 3 spell levels left.
You knew the following spells:

 Your Spells              Type           Power      Damage    Failure   Level
a - Foxfire               Conj/Fire      28%        2x1d5     10%         1

Your spell library contained the following spells:

 Spells                   Type           Power      Damage    Failure   Level
 Scorch                   Fire           20%        2d5       10%         2
 Inner Flame              Hex/Fire       6%         N/A       34%         3
 Volatile Blastmotes      Fire/Tloc      12%        2d11      34%         3
 Flame Wave               Conj/Fire      7%         2d5       67%         4


Dungeon Overview and Level Annotations

Branches:
Dungeon (1/15)

Altars:


Innate Abilities, Weirdness & Mutations

Your plain brown scales are hard. (AC +4)
You cannot fit into any form of body armour.
You are cold-blooded and may be slowed by cold attacks.


Message History

You conjure some foxfire!
A rat and a gnoll come into view.
The foxfire hits the ball python.
You kill the ball python!
You conjure some foxfire!
The foxfire hits the gnoll.
The gnoll is lightly wounded.
The gnoll shouts!
You are out of magic!
The foxfire hits the rat but does no damage.
The foxfire hits the rat.
The rat is severely wounded.
The rat barely misses you. The rat attacks as it pursues you!
The rat closely misses you. The rat closely misses you.
An endoplasm comes into view.
A goblin comes into view. It is wielding a +0 dagger.
The goblin shouts!
The endoplasm quivers.
The rat bites you. The rat attacks as it pursues you!
The rat bites you but does no damage. The rat attacks as it pursues you!
The rat barely misses you.
You conjure some foxfire!
The rat bites you.
You conjure some foxfire!
The foxfire hits the rat but does no damage.
The foxfire hits the rat.
You kill the rat!
You hit the gnoll.
The gnoll is lightly wounded.
The foxfire hits the gnoll.
The gnoll is moderately wounded.
The foxfire hits the endoplasm.
The endoplasm is almost dead.
The gnoll hits you with a +0 club. The endoplasm completely misses you.
You barely miss the endoplasm.
Your tail-slap misses the endoplasm.
The endoplasm is almost dead.
The gnoll hits you with a +0 club. The endoplasm hits you.
* * * LOW HITPOINT WARNING * * *
The gnoll attacks as it pursues you! The gnoll closely misses you.
The gnoll attacks as it pursues you! The gnoll hits you with a +0 club.
You die...

############ #..........#
#......†...# #..........#
#....@.....# #
#...Jg.....# .###
#.......?^.# ....
#.g........#
......######..........#
....#........##########
.g..#####.....#
..............####
....#............########


You could see a gnoll, an endoplasm and a goblin.

Vanquished Creatures
  A quokka (D:1)
  A ball python (D:1)
  A rat (D:1)
3 creatures vanquished.

Vanquished Creatures (others)
  15 foxfires (D:1)
15 creatures vanquished.

Grand Total: 18 creatures vanquished

Notes
Turn   | Place    | Note
-------+----------+-------------------------------------------
     0 | D:1      | senseless the Draconian Fire Elementalist began the quest
                  | for the Orb.
     0 | D:1      | Reached XP level 1. HP: 14/14 MP: 3/3
   129 | D:1      | Slain by a gnoll

Illustrated notes

Levels and vault maps discovered:
D:1:      scummos_arrival_gate, layout_rooms, interstate_on_off, st_stairs_13,
          minmay_lizard_king

Action                     || total
---------------------------++-------
  Melee: Unarmed           ||     2
   Cast: Foxfire           ||     8
 Armour: Skin              ||     8
  Dodge: Dodged            ||     6

Table legend: (Time is in decaauts)
 A = Elapsed time spent in this place.
 B = Non-inter-level travel time spent in this place.
 C = Inter-level travel time spent in this place.
 D = Time resting spent in this place.
 E = Time spent auto-exploring this place.
 F = Levels seen in this place.
 G = Mean time per level.
                   A        B        C        D        E       F      G
               +--------+--------+--------+--------+--------+-----+--------+
         Total |    129 |    129 |      0 |      0 |     81 |   1 |  129.0 |
       Dungeon |    129 |    129 |      0 |      0 |     81 |   1 |  129.0 |
               +--------+--------+--------+--------+--------+-----+--------+

Top non-repeatable levels by time:
     D:1: 129 daAuts
